AoeStats
← GaunerFahrrad47

Highland

505699621Analyzed
2v2 RM · 23d ago on Sep 10, 2026· 28m 32s· 4 players
Game mode
Random Map
Map size
Medium (4 player)
Population
200
Speed
Normal
Resources
Standard
Victory
Conquest
Starting age
Dark Age
Ending age
Imperial Age
RankedLock teamsTeams togetherTeam positionsShared explorationLock speedFull tech treeHidden civsTurbo modeCheats
Victory
Defeat
🇩🇪 Goths · Germany
1222
+11
🇩🇪 Mongols · Germany
1171
+13
🇨🇭 Portuguese · Switzerland
1131
-13
🇪🇸 Byzantines · Spain
1093
-11
MCLemontree
10:02 Loom
11:50 Feudal Age
15:11 Fletching
18:23 Castle Age
17:40 Double-Bit Axe
25:18 Bow Saw
Kikips93
8:30 Loom
10:30 Feudal Age
13:01 Horse Collar
25:37 Forging
25:28 Scale Mail Armor
26:31 Wheelbarrow
27:36 Scale Barding Armor
27:35 Double-Bit Axe
29:54 Castle Age
BlackIce
7:30 Loom
9:38 Feudal Age
13:18 Scale Barding Armor
14:36 Double-Bit Axe
21:58 Castle Age
19:57 Horse Collar
20:33 Gold Mining
21:55 Wheelbarrow
23:33 Chain Barding Armor
23:25 Bow Saw
24:21 Heavy Plow
26:38 Bloodlines
27:05 Forging
28:30 Iron Casting
27:55 Fletching
28:43 Husbandry
GaunerFahrrad47
1:44 Loom
10:32 Feudal Age
15:08 Castle Age
12:58 Horse Collar
13:04 Double-Bit Axe
14:50 Forging
17:06 Medium Warships
20:55 Scale Mail Armor
21:24 Man-at-Arms
22:55 Squires
23:02 Long Swordsman
26:34 Chain Mail Armor
26:23 Pikeman
Connection lost

Rejoining the realm…

Still unreachable

The connection could not be restored.

Session expired

The server has moved on; the page needs a fresh start.